 Dungeon Crawl Stone Soup version 0.32-a0-314-g526f7d4993 (webtiles) character file.

Game seed: 14468071016466024300

7627 Drazool the Arsonist (level 10, -9/83 HPs)
             Began as a Mountain Dwarf Fire Elementalist on Feb 15, 2024.
             Was a Believer of Beogh.
             Succumbed to Amaemon's poison
             ... on level 8 of the Dungeon.
             The game lasted 00:37:06 (11420 turns).

Drazool the Arsonist (MDFE)                        Turns: 11420, Time: 00:37:07

Health: -9/83      AC: 17    Str: 11    XL:     10   Next: 98%
Magic:  11/17      EV:  3    Int: 20    God:    Beogh [**....]
Gold:   54         SH:  0    Dex: 10    Spells: 6/19 levels left

rFire   + . .        v - +2 dire flail (heavy)
rCold   . . .        (shield currently unavailable)
rNeg    . . .        I - +0 plate armour
rPois   .            r - +2 helmet {SInv}
rElec   .            (no cloak)
rCorr   .            j - +0 pair of gloves
SInv    +            (no boots)
Will    +....        y - amulet of magic regeneration Stlth
                     F - ring of protection from fire
HPRegen 0.33/turn    (no ring)
MPRegen 0.55/turn

%: no passive effects
@: brilliant, lethally poisoned (-9 -> -42), very slightly contaminated, slowed,
very slow
A: runic magic, artefact enchanting
a: Renounce Religion, Smiting


You were on level 8 of the Dungeon.
You worshipped Beogh.
Beogh was pleased with you.
You visited 1 branch of the dungeon, and saw 9 of its levels.

You collected 507 gold pieces.
You spent 453 gold pieces at shops.


Innate Abilities, Weirdness & Mutations

Your facial features look somewhat orcish.
Your spellcasting is much less encumbered by armour.
You can use scrolls of enchantment on lesser artefacts.


   Skills:
 - Level 6.0 Fighting
 - Level 3.0 Maces & Flails
 - Level 7.0 Armour
 - Level 1.3 Dodging
 - Level 1.4 Stealth
 - Level 5.0 Spellcasting
 + Level 6.9 Conjurations
 - Level 2.0 Hexes
 - Level 3.0 Translocations
 - Level 10.0 Fire Magic
 - Level 7.0 Invocations
 - Level 3.0 Evocations


You had 6 spell levels left.
You knew the following spells:

 Your Spells              Type           Power      Damage    Failure   Level
f - Foxfire               Conj/Fire      100%       2x1d9     1%          1
r - Inner Flame           Hex/Fire       43%        N/A       11%         3
X - Scorch                Fire           100%       2d9       1%          2
Y - Volatile Blastmotes   Fire/Tloc      92%        2d17      9%          3
Z - Flame Wave            Conj/Fire      55%        2d13      13%         4

Your spell library contained the following spells:

 Spells                   Type           Power      Damage    Failure   Level
 Sting                    Conj/Alch      100%       1d9       10%         1
 Apportation              Tloc           50%        N/A       12%         1
 Hailstorm                Conj/Ice       28%        3d8       30%         3
 Necrotise                Necr           28%        1d5       38%         1
 Summon Small Mammal      Summ           28%        N/A       38%         1
 Ensorcelled Hibernation  Hex/Ice        26%        N/A       38%         2
 Fugue of the Fallen      Necr           7%         N/A       77%         3
 Summon Ice Beast         Ice/Summ       7%         N/A       77%         3
 Anguish                  Hex/Necr       6%         N/A       95%         4
 Sculpt Simulacrum        Ice/Alch       3%         N/A       100%        6

Inventory:

Hand Weapons
 o - a +1 dagger of flaming
 v - a +2 heavy dire flail (weapon)
 x - a +0 whip of flaming
Missiles
 E - 3 curare-tipped darts {=f}
Armour
 j - a +0 pair of gloves (worn)
 r - a +2 helmet of see invisible (worn)
 I - a +0 plate armour (worn)
Jewellery
 f - a ring of protection from fire
 y - an amulet of magic regeneration (around neck)
 A - the amulet "Tooleem" {Reflect Str+3 SH+5}
   (You found it on level 7 of the Dungeon)

   [amulet of reflection]

   Reflect:   It reflects blocked missile attacks.
   Str+3:     It affects your strength (+3).
   SH+5:      It affects your SH (+5).
 C - a ring of ice
 D - a +6 ring of dexterity
 F - a ring of protection from fire (left hand)
Wands
 d - a wand of flame (21)
 q - a wand of iceblast (15)
 w - a wand of paralysis (13)
Scrolls
 b - 4 scrolls of teleportation {@r2}
 c - 2 scrolls of noise
 e - a scroll of enchant weapon
 h - a scroll of fear
 i - a scroll of blinking
 l - 2 scrolls of silence {!r}
 p - a scroll of revelation
 t - 2 scrolls of amnesia
 B - 2 scrolls of fog
 G - 2 scrolls of vulnerability
Potions
 k - 4 potions of might
 m - a potion of degeneration {unknown}
 n - 2 potions of mutation
 u - a potion of haste {unknown}
 z - a potion of magic

Dungeon Overview and Level Annotations

Branches:
Dungeon (9/15)             Temple (0/1) D:7             Orc (0/2) D:9
   Lair: D:8-11

Altars:
Fedhas
Gozag
Hepliaklqana
Nemelex Xobeh
Okawaru
Vehumet

Shops:
D:1 (   D:5 [   D:7 *   D:9 *

Annotations:
D:3 3 runed translucent doors, exclusion: statue, Ceno's ghost, amateur AtWr
D:6 3 runed translucent doors, pokeman's ghost, novice DEHW; zenocrate's ghost, amateur OpDe; zeratav's ghost, novice OpSh
D:7 1 runed translucent door, Crazy Yiuf
D:8 Amaemon

#.# #...#
##.## #.#
#...# #.#
#.# ##.##
#<#
#.#######
#.# #.#
#.......#
#.# #.#
#######.#
#.# #.#
#.# #.#
#.#
#.####.#
#.#
#...@..#
#.#
###...6..#
#.#
#.......##
#.#
#.#.....#
#.#
#.#.....#
#.#
#.###.###
#.# #.#
#.# #.#
#.# #.#
#.# #.#
#.# #.#


You could see Amaemon.


Message History

Amaemon tail-slaps you but does no damage.
Amaemon barely misses you. Amaemon claws you but does no damage.
Amaemon barely misses you.
A wave of flame ripples out!
The flame wave engulfs Amaemon.
Amaemon is burned terribly!
Amaemon is moderately wounded.
You feel very sick.
Amaemon is no longer more vulnerable to fire.
Amaemon hits you with a +0 demon whip of venom.
* * * LOW HITPOINT WARNING * * *
You are more poisoned.
Amaemon claws you.
* * * LOW HITPOINT WARNING * * *
Amaemon tail-slaps you but does no damage.
A wave of flame ripples out!
The flame wave engulfs Amaemon!
Amaemon is heavily wounded.
You finish channelling waves of flame.
* * * LOW HITPOINT WARNING * * *
You feel very sick.
Amaemon hits you with a +0 demon whip of venom!
* * * LOW HITPOINT WARNING * * *
You are more poisoned.
Amaemon claws you but does no damage. Amaemon barely misses you.
Amaemon hits you but does no damage. Amaemon claws you but does no damage.
Amaemon tail-slaps you but does no damage.
Okay, then.
Unknown command.
It was a potion of brilliance.
You feel clever all of a sudden.
You die...

Skill      XL: |  1  2  3  4  5  6  7  8  9 10 |
---------------+-------------------------------+-----
Fire Magic     | 4 5 6 7 9 10 | 10.0
Spellcasting   | 2 3 4 5 |  5.0
Translocations | 1 2 3 |  3.0
Armour         | 2 3 4 6 7 |  7.0
Fighting       | 2 3 5 6 |  6.0
Conjurations   | 2 4 5 6 |  6.9
Evocations     | 2 3 |  3.0
Invocations    | 2 4 7 |  7.0
Hexes          | 2 |  2.0
Maces & Flails | 3 |  3.0
Dodging        | |  1.3
Stealth        | |  1.4

Action                     |  1- 3 |  4- 6 |  7- 9 | 10-12 || total
---------------------------+-------+-------+-------+-------++-------
  Melee: Dagger            |     3 |     7 |     6 |       ||    16
         Unarmed           |     1 |       |       |       ||     1
         Whip              |       |       |       |     9 ||     9
         Dire flail        |       |       |       |     9 ||     9
   Cast: Foxfire           |    36 |    93 |   184 |    91 ||   404
         Scorch            |     2 |    19 |    35 |    33 ||    89
         Volatile Blastmot |       |     1 |    18 |    17 ||    36
         Flame Wave        |       |       |       |     6 ||     6
 Invoke: Convert to Beogh  |       |       |     1 |       ||     1
  Evoke: Wand              |       |       |     3 |     2 ||     5
    Use: Scroll            |       |     4 |     1 |    11 ||    16
         Potion            |       |     2 |       |     3 ||     5
   Stab: Paralysed         |       |       |       |    14 ||    14
 Armour: Scale mail        |     5 |    40 |    54 |     7 ||   106
         Plate armour      |       |       |       |    55 ||    55
         Chain mail        |       |       |       |     9 ||     9
  Dodge: Dodged            |     4 |    12 |    15 |    13 ||    44

Levels and vault maps discovered:
D:1:      dpeg_arrival_castle, layout_loops_ring, serial_shops,
          nicolae_square_shop
D:2:      minmay_diamond_boxcup, layout_rooms, hangedman_decor_slide_cut,
          uniq_terence
D:3:      layout_loops_ring, nicolae_gozag_conspicuous_consumption,
          vehumet_statue, gammafunk_ghost_split, kennysheep_flooded_box,
          grunt_ministairs_6, minmay_checkerbox, uniq_pargi
D:4:      layout_basic, fedhas_ov_isle_minmay, interstate_on_off, uniq_natasha,
          uniq_grinder
D:5:      layout_loops_ring, serial_shops, nicolae_lakefront_shop
D:6:      kennysheep_big_flooded_room, layout_basic, gammafunk_ghost_cemetery,
          uniq_pikel, uniq_sigmund, uniq_blork_the_orc, uniq_maggie
D:7:      layout_loops_cross, mainiacjoe_overflow_small_starburst,
          nemelex_spade_bored_becter, minmay_temple_entry_statues_fountains,
          serial_shops, shop, uniq_crazy_yiuf_cottage
D:8:      layout_loops_ring, dreamdust_gnoll_shepherd
D:9:      kennysheep_six_static_rooms, layout_basic, zin_purify,
          okawaru_gym_becter, tso_oasis_becter, mainiacjoe_overflow_alcove_1,
          orc_0_dummy, serial_shops, shop, nicolae_shop_gaudy_bauble,
          uniq_amaemon

Notes
Turn   | Place    | Note
-------+----------+-------------------------------------------
     0 | D:1      | Drazool the Mountain Dwarf Fire Elementalist began the
                  | quest for the Orb.
     0 | D:1      | Reached XP level 1. HP: 14/14 MP: 3/3
    74 | D:1      | Reached skill level 4 in Fire Magic
   187 | D:1      | Reached skill level 2 in Spellcasting
   187 | D:1      | Reached XP level 2. HP: 20/20 MP: 1/5
   265 | D:1      | Learned a level 2 spell: Scorch
   591 | D:1      | Found Lismyf's Weapon Shoppe.
   871 | D:2      | Reached XP level 3. HP: 26/26 MP: 2/7
  1008 | D:2      | Reached skill level 3 in Spellcasting
  1122 | D:2      | Reached XP level 4. HP: 33/33 MP: 5/8
  1486 | D:2      | Learned a level 3 spell: Volatile Blastmotes
  1579 | D:2      | Reached skill level 5 in Fire Magic
  1728 | D:2      | Reached skill level 1 in Translocations
  1812 | D:2      | Noticed Terence
  1822 | D:2      | Killed Terence
  1823 | D:2      | Reached XP level 5. HP: 20/38 MP: 7/9
  2110 | D:3      | Noticed Ceno's ghost (amateur AtWr)
  2117 | D:3      | Found a runed translucent gate.
  2117 | D:3      | Found a runed translucent gate.
  2117 | D:3      | Found a runed translucent gate.
  2277 | D:3      | Reached skill level 2 in Translocations
  2378 | D:3      | Noticed a phantom
  2383 | D:3      | Killed a phantom
  2384 | D:3      | Reached skill level 2 in Armour
  2384 | D:3      | Reached skill level 1 in Fighting
  2489 | D:3      | Found an opulent altar of Gozag.
  2526 | D:3      | Noticed Pargi
  2536 | D:3      | Killed Pargi
  2537 | D:3      | Reached skill level 2 in Fighting
  2537 | D:3      | Reached XP level 6. HP: 30/48 MP: 1/11
  2670 | D:3      | Found an opulent altar of Gozag.
  2681 | D:3      | Reached skill level 4 in Spellcasting
  2724 | D:3      | Learned a level 4 spell: Flame Wave
  2728 | D:3      | Learned a level 3 spell: Inner Flame
  2729 | D:3      | Found an opulent altar of Gozag.
  2788 | D:3      | Found an opulent altar of Gozag.
  2889 | D:3      | Reached skill level 1 in Conjurations
  2977 | D:3      | Found a radiant altar of Vehumet.
  3339 | D:4      | Noticed Natasha
  3354 | D:4      | Killed Natasha
  3404 | D:4      | Noticed Natasha
  3410 | D:4      | Killed Natasha
  3411 | D:4      | Reached skill level 2 in Conjurations
  3544 | D:4      | Found a blossoming altar of Fedhas.
  3598 | D:4      | Noticed Grinder
  3621 | D:4      | Paralysed by Grinder for 5 turns
  3632 | D:4      | Killed Grinder
  3633 | D:4      | Reached skill level 3 in Armour
  3633 | D:4      | Reached skill level 6 in Fire Magic
  3633 | D:4      | Reached XP level 7. HP: 51/55 MP: 1/13
  4009 | D:4      | Noticed Natasha
  4022 | D:4      | Killed Natasha
  4023 | D:4      | Reached skill level 7 in Fire Magic
  4316 | D:4      | Reached skill level 3 in Conjurations
  4649 | D:5      | Entered Level 5 of the Dungeon
  5097 | D:5      | Reached skill level 4 in Conjurations
  5097 | D:5      | Reached XP level 8. HP: 59/61 MP: 9/14
  5314 | D:5      | Reached skill level 3 in Fighting
  5453 | D:5      | Reached skill level 4 in Armour
  5710 | D:5      | Found Aqaxtiubb's Armour Shop.
  5718 | D:5      | Bought a +0 scale mail of fire resistance for 165 gold
                  | pieces
  5972 | D:6      | Reached skill level 8 in Fire Magic
  6103 | D:6      | Noticed Maggie
  6135 | D:6      | Killed Maggie
  6136 | D:6      | Reached skill level 5 in Conjurations
  6297 | D:6      | Reached skill level 9 in Fire Magic
  6332 | D:6      | Reached skill level 1 in Evocations
  6369 | D:6      | Became a worshipper of Beogh the Shepherd
  6591 | D:6      | Reached skill level 2 in Evocations
  6645 | D:6      | Reached skill level 2 in Invocations
  6672 | D:6      | Reached XP level 9. HP: 55/69 MP: 0/15
  6799 | D:6      | Noticed Pikel
  6813 | D:6      | Paralysed by Pikel for 4 turns
  6878 | D:6      | Reached skill level 3 in Invocations
  6971 | D:6      | Noticed a two-headed ogre
  7013 | D:6      | Killed a two-headed ogre
  7014 | D:6      | Reached skill level 5 in Spellcasting
  7014 | D:6      | Reached skill level 2 in Hexes
  7014 | D:6      | Reached skill level 5 in Armour
  7315 | D:6      | Noticed Sigmund
  7317 | D:6      | Killed Sigmund
  7318 | D:6      | Reached skill level 4 in Fighting
  7352 | D:6      | Noticed Blork the orc
  7359 | D:6      | Killed Blork the orc
  7387 | D:6      | Reached skill level 5 in Fighting
  7458 | D:6      | Found a runed translucent gate.
  7458 | D:6      | Found a runed translucent gate.
  7458 | D:6      | Found a runed translucent gate.
  7929 | D:6      | Paralysed by Pikel for 2 turns
  7936 | D:6      | Paralysed by Pikel for 2 turns
  7944 | D:6      | Killed Pikel
  7945 | D:6      | Reached skill level 6 in Conjurations
  7945 | D:6      | Reached skill level 6 in Armour
  8322 | D:6      | Noticed zeratav's ghost (novice OpSh)
  8323 | D:6      | Noticed pokeman's ghost (novice DEHW)
  8323 | D:6      | Noticed zenocrate's ghost (amateur OpDe)
  8366 | D:7      | Reached skill level 4 in Invocations
  8368 | D:7      | Reached * piety under Beogh
  8470 | D:7      | Reached XP level 10. HP: 81/81 MP: 13/17
  8528 | D:7      | Reached skill level 5 in Invocations
  8553 | D:7      | Found a staircase to the Ecumenical Temple.
  8683 | D:7      | Found a sparkling altar of Nemelex Xobeh.
  8732 | D:7      | Identified the amulet "Tooleem" {Reflect Str+3 SH+5}
  8743 | D:7      | Found Hoblaenn's Assorted Antiques.
  8748 | D:7      | Bought a scroll labelled KOIDWU KAESCH for 24 gold pieces
  8748 | D:7      | Bought 3 scrolls labelled NEL EJICWIOS for 72 gold pieces
  8752 | D:7      | Found a hazy altar of Hepliaklqana.
  8943 | D:7      | Found a runed translucent door.
  8944 | D:7      | Noticed Crazy Yiuf
  9289 | D:8      | Reached skill level 6 in Fighting
  9514 | D:8      | Reached skill level 6 in Invocations
  9535 | D:8      | Noticed a cyclops
  9636 | D:8      | Killed a cyclops
  9637 | D:8      | Reached skill level 10 in Fire Magic
  9903 | D:8      | Reached skill level 7 in Armour
  9913 | D:8      | Reached skill level 3 in Evocations
 10282 | D:9      | Found an iron altar of Okawaru.
 10324 | D:9      | Reached skill level 7 in Invocations
 10336 | D:9      | Found West's Assorted Antiques.
 10345 | D:9      | Bought 3 scrolls of identify for 192 gold pieces
 10347 | D:9      | Identified a scroll of acquirement
 10348 | D:9      | Acquired a +1 helmet of see invisible
 10371 | D:9      | Noticed a gargoyle
 10402 | D:9      | Killed a gargoyle
 10403 | D:9      | Reached skill level 3 in Translocations
 10911 | D:9      | Reached skill level 1 in Maces & Flails
 11004 | D:9      | Reached ** piety under Beogh
 11005 | D:9      | Reached skill level 2 in Maces & Flails
 11088 | D:9      | Found a staircase to the Orcish Mines.
 11100 | D:9      | Reached skill level 3 in Maces & Flails
 11396 | D:9      | Noticed Amaemon
 11396 | D:9      | Noticed an orange demon
 11419 | D:8      | HP: 1/83 [Amaemon/+0 demon whip of venom (12)]
 11420 | D:8      | Succumbed to Amaemon's poison

Vanquished Creatures
  A two-headed ogre (D:6)
  Pikel (D:6)
  A cyclops (D:8)
  A gargoyle (D:9)
  Maggie (D:6)
  Grinder (D:4)
  2 dream sheep (D:8)
  Sigmund (D:6)
  A vampire (D:9)
  8 yaks
  An acid dragon (D:6)
  Pargi (D:3)
  3 ice beasts
  A sky beast (D:6)
  3 orc warriors
  A black bear (D:6)
  An ogre (D:7)
  4 centaurs
  2 lemures
  A phantom (D:3)
  A bullfrog (D:7)
  Blork the orc (D:6)
  A gnoll sergeant (D:9)
  6 scorpions
  7 wights
  10 howler monkeys
  2 bombardier beetles
  2 hounds
  A gnoll bouda (D:8)
  An orc priest (D:6)
  A sleepcap (D:5)
  Natasha (thrice) (D:4)
  Terence (D:2)
  8 orc wizards
  3 iguanas
  4 gnolls (D:6)
  5 adders
  3 white imps
  2 dart slugs (D:2)
  2 ribbon worms
  23 orcs
  7 ball pythons
  4 endoplasms
  3 giant cockroaches
  7 goblins
  5 hobgoblins
  5 jackals (D:2)
  4 quokkas
  8 bats
  3 frilled lizards
  3 kobolds
  9 rats
181 creatures vanquished.

Vanquished Creatures (others)
  An orc priest (D:6)
  An orc (D:9)
  540 foxfires
542 creatures vanquished.

Grand Total: 723 creatures vanquished

Table legend: (Time is in decaauts)
 A = Elapsed time spent in this place.
 B = Non-inter-level travel time spent in this place.
 C = Inter-level travel time spent in this place.
 D = Time resting spent in this place.
 E = Time spent auto-exploring this place.
 F = Levels seen in this place.
 G = Mean time per level.
                   A        B        C        D        E       F      G
               +--------+--------+--------+--------+--------+-----+--------+
         Total |  11448 |  10819 |    629 |   1616 |   7426 |   9 | 1272.0 |
       Dungeon |  11448 |  10819 |    629 |   1616 |   7426 |   9 | 1272.0 |
               +--------+--------+--------+--------+--------+-----+--------+

Top non-repeatable levels by time:
     D:6: 2117 daAuts
     D:4: 1609 daAuts
     D:5: 1526 daAuts
     D:3: 1242 daAuts
     D:8: 1185 daAuts
     D:2: 1145 daAuts
     D:7: 968 daAuts
     D:1: 870 daAuts
     D:9: 781 daAuts

Table legend:
 A = Non-vault XP
 B = Vault XP
 C = Vault XP percentage of total XP
 D = Non-vault monster count
 E = Vault monster count
 F = Vault count percentage of total count
                 A         B        C        D         E       F
            +---------+---------+-------+---------+---------+-------
      Total |    6826 |    4070 |  37.4 |     148 |      31 |  17.3
            +---------+---------+-------+---------+---------+-------
        D:1 |      36 |       0 |   0.0 |      13 |       0 |   0.0
        D:2 |     115 |      64 |  35.8 |      21 |       7 |  25.0
        D:3 |     141 |     170 |  54.7 |      14 |       7 |  33.3
        D:4 |     462 |     342 |  42.5 |      18 |       2 |  10.0
        D:5 |     569 |       0 |   0.0 |      14 |       0 |   0.0
        D:6 |     932 |    2388 |  71.9 |      34 |       6 |  15.0
        D:7 |     867 |       0 |   0.0 |      12 |       0 |   0.0
        D:8 |    1937 |     616 |  24.1 |      11 |       4 |  26.7
        D:9 |    1767 |     490 |  21.7 |      11 |       5 |  31.2
            +---------+---------+-------+---------+---------+-------
